 Dungeon Crawl Stone Soup version 0.28.0-53-g5a82cb258f (webtiles) character file.

Game seed: 1930661080188540243

243 Gabide the Ruffian (level 5, -3/41 HPs)
             Began as a Mummy Berserker on May 28, 2022.
             Was a Priest of Trog.
             Slain by a bullfrog (6 damage)
             ... in a sewer.
             The game lasted 00:04:38 (3202 turns).

Gabide the Ruffian (Mummy Berserker)                Turns: 3202, Time: 00:04:39

Health: -3/41      AC:  5    Str: 22    XL:     5   Next: 82%
Magic:  5/5        EV: 12    Int:  7    God:    Trog [***...]
Gold:   145        SH:  0    Dex: 11    Spells: 4/4 levels left

rFire   x . .      SeeInvis .     - Unarmed
rCold   + . .      Faith    .   (no shield)
rNeg    + + +      Spirit   .   a - +0 animal skin
rPois   ∞          Reflect  .   (no helmet)
rElec   .          Harm     .   h - +2 cloak
rCorr   .          Rampage  .   (no gloves)
Will    .....                   (no boots)
Stlth   +.........              (no amulet)
HPRegen 0.13/turn               (no ring)
MPRegen 0.09/turn               (no ring)

@: very slow
A: cold resistance 1, negative energy resistance 3, torment resistance 2, heat
vulnerability 1, no potions
a: Renounce Religion, Trog's Hand


You were in a sewer.
You worshipped Trog.
Trog was most pleased with you.
You visited 1 branch of the dungeon, and saw 3 of its levels.
You also visited: Sewer.

You collected 145 gold pieces.

Inventory:

Armour
 a - a +0 animal skin (worn)
 h - a +2 cloak (worn)
Jewellery
 g - a ring of ice
Scrolls
 b - 2 scrolls of teleportation
 e - a scroll of noise {unknown}
 f - a scroll of fear {unknown}
 i - a scroll of enchant armour {unknown}


   Skills:
 - Level 3.0 Fighting
 - Level 1.5 Armour
 - Level 1.5 Dodging
 + Level 5.5 Unarmed Combat


You had 4 spell levels left.
You didn't know any spells.
Your spell library was empty.

Dungeon Overview and Level Annotations

Branches:
Dungeon (3/15)              Sewer (1/1)

Altars:


Innate Abilities, Weirdness & Mutations

You are immune to poison.
Your flesh is cold resistant. (rC+)
You are immune to negative energy. (rN+++)
You are immune to unholy pain and torment.
You are vulnerable to heat. (rF-)
You do not drink.


Message History

Moving in this stuff is going to be slow.
The bullfrog hits you!
The quokka bites you but does no damage.
The bullfrog barely misses you. The bullfrog hits you.
* * * LOW HITPOINT WARNING * * *
You punch the bullfrog!
The bullfrog is heavily wounded.
The bullfrog closely misses you. The quokka bites you.
* * * LOW HITPOINT WARNING * * *
You hit the bullfrog.
The bullfrog is severely wounded.
The bullfrog hits you.
* * * LOW HITPOINT WARNING * * *
The quokka bites you.
* * * LOW HITPOINT WARNING * * *
You hit the bullfrog.
The bullfrog is severely wounded.
The bullfrog hits you.
* * * LOW HITPOINT WARNING * * *
The quokka splashes around in the water.
The bullfrog hits you.
* * * LOW HITPOINT WARNING * * *
Blink to where?
Press: ? - help, Dir - move target Splash!
You fall into the shallow water.
Moving in this stuff is going to be slow.
As you read the scroll of blinking, it crumbles to dust.
You feel the effects of Trog's Hand fading.
You enter the shallow water.
Moving in this stuff is going to be slow.
Your skin stops crawling.
You feel less strong-willed. The bullfrog barely misses you.
The bullfrog hits you.
* * * LOW HITPOINT WARNING * * *
You see here a ball python corpse.
You barely miss the bullfrog.
The bullfrog is heavily wounded.
The bullfrog hits you.
You die...

####.≈≈..≈≈≈≈.≈###
####≈.≈≈≈≈≈≈≈.≈.≈.≈≈≈
##≈≈≈≈≈≈≈#########≈≈≈.
##≈≈≈≈≈####≈≈≈≈.≈≈####≈
##.≈≈≈###≈≈††≈≈≈≈≈≈≈≈.##
#≈≈≈≈##≈≈≈≈≈#######≈†≈≈≈
##≈≈.##≈≈≈≈### ###≈.≈
#≈≈.≈#≈≈.≈## ##.≈
#≈≈.##.≈@## ≈J≈..≈≈≈##≈
#.†≈#≈≈≈F# .?$[.≈≈≈#≈
#≈.≈#≈.≈S# .SF:.≈≈#≈
#.≈≈#≈≈≈.# ≈$≈≈≈≈#≈
#≈≈.##≈≈S## ≈.≈≈≈#≈
#≈≈.≈#.≈≈≈## ≈S≈≈#†
##≈.≈##.≈≈.### #≈≈##≈
#.≈≈≈##.≈††≈#######†≈#≈.
##.≈≈≈###≈≈≈.≈≈≈≈JJ.##≈.


You could see a bullfrog and 2 ball pythons.

Vanquished Creatures
  A bullfrog (Sewer)
  A centaur skeleton (D:3)
  4 adders
  A worm (D:2)
  2 dart slugs
  11 ball pythons
  13 endoplasms
  17 giant cockroaches
  5 hobgoblins
  4 jackals (D:2)
  7 kobolds
  10 quokkas
  5 bats
  11 frilled lizards
  5 goblins
  3 rats
100 creatures vanquished.

Notes
Turn   | Place    | Note
-------+----------+-------------------------------------------
     0 | D:1      | Gabide the Mummy Berserker began the quest for the Orb.
     0 | D:1      | Reached XP level 1. HP: 18/18 MP: 1/1
   168 | D:1      | Found a faded altar of an unknown god.
   376 | D:1      | Reached skill level 3 in Unarmed Combat
   376 | D:1      | Reached XP level 2. HP: 24/24 MP: 2/2
  1013 | D:2      | Reached XP level 3. HP: 23/29 MP: 3/3
  1642 | D:2      | Reached ** piety under Trog
  1651 | D:2      | Reached skill level 4 in Unarmed Combat
  1850 | D:2      | Reached XP level 4. HP: 35/35 MP: 4/4
  2315 | D:3      | Found a glowing drain.
  2392 | Sewer    | Entered a sewer
  2511 | Sewer    | Reached XP level 5. HP: 39/41 MP: 5/5
  2632 | Sewer    | Reached *** piety under Trog
  3046 | Sewer    | Reached skill level 5 in Unarmed Combat
  3195 | Sewer    | HP: 1/41 [bullfrog (2)]
  3202 | Sewer    | Slain by a bullfrog

Illustrated notes

Levels and vault maps discovered:
D:1:      lightli_arrival_statuegarden, layout_loops_corners,
          hellmonk_ecumenical_altar_lost_god
D:2:      minmay_chambers_of_ones, layout_basic
D:3:      kennysheep_six_static_rooms, layout_rooms, serial_curves,
          eino_curves_01, eino_curves_03, eino_curves_03, gup_sewer_entry_glass,
          uniq_crazy_yiuf_cottage
Sewer:    sewer_frog_island_02

Skill      XL: |  1  2  3  4  5 |
---------------+----------------+-----
Unarmed Combat | 3 4 5 |  5.5
Fighting       | |  3.0
Armour         | |  1.5
Dodging        | |  1.5

Action                   |  1- 3 |  4- 6 || total
-------------------------+-------+-------++-------
Melee: Unarmed           |    77 |   237 ||   314
       Punch             |     1 |     2 ||     3
Throw: Boomerang         |    64 |     6 ||    70
       Stone             |       |     6 ||     6
Invok: Trog's Hand       |       |     2 ||     2
  Use: Scroll            |     2 |     1 ||     3
Armor: Animal skin       |    19 |    86 ||   105
Dodge: Dodged            |    54 |   149 ||   203
